 Dungeon Crawl Stone Soup version 0.29.1-12-g30fa7ad0bf (webtiles) character file.

Game seed: 13848102428886601128

23 concernfroge the Trooper (level 2, -6/25 HPs)
             Began as a Mummy Monk on Dec 24, 2022.
             Mangled by Terence
             ... wielding a +0 morningstar
              (9 damage)
             ... on level 2 of the Dungeon.
             The game lasted 00:02:08 (1395 turns).

concernfroge the Trooper (Mummy Monk)               Turns: 1395, Time: 00:02:09

Health: -6/25      AC:  7    Str: 14    XL:     2   Next: 75%
Magic:  2/2        EV: 11    Int:  9    God:
Gold:   71         SH:  0    Dex: 14    Spells: 1/1 levels left

rFire   x . .      SeeInvis .   a - +0 spear
rCold   + . .      Faith    .   (no shield)
rNeg    + + +      Spirit   .   e - +0 ring mail
rPois   ∞          Reflect  .   (no helmet)
rElec   .          Harm     .   g - +0 cloak
rCorr   .          Rampage  .   (no gloves)
Will    .....                   h - +0 pair of boots
Stlth   +.........              (no amulet)
HPRegen 0.08/turn               (no ring)
MPRegen 0.08/turn               (no ring)

@: no status effects
A: cold resistance 1, negative energy resistance 3, torment resistance 2, heat
vulnerability 1, no potions
a: no special abilities


You were on level 2 of the Dungeon.
You visited 1 branch of the dungeon, and saw 2 of its levels.

You collected 71 gold pieces.

Inventory:

Hand Weapons
 a - a +0 spear (weapon)
Missiles
 f - 14 stones (quivered)
Armour
 e - a +0 ring mail (worn)
 g - a +0 cloak (worn)
 h - a +0 pair of boots (worn)
Scrolls
 c - a scroll of vulnerability
 d - a scroll of enchant weapon
 i - a scroll of enchant armour


   Skills:
 + Level 4.1 Fighting
 - Level 2.4 Polearms
 - Level 2.4 Dodging
 - Level 1.5 Stealth


You had one spell level left.
You didn't know any spells.
Your spell library was empty.

Dungeon Overview and Level Annotations

Branches:
Dungeon (2/15)

Altars:

Annotations:
D:2 Terence


Innate Abilities, Weirdness & Mutations

You are immune to poison.
Your flesh is cold resistant. (rC+)
You are immune to negative energy. (rN+++)
You are immune to unholy pain and torment.
You are vulnerable to heat. (rF-)
You do not drink.


Message History

A quokka comes into view.
You reach to attack!
You miss the quokka. You closely miss the quokka.
The quokka bites you but does no damage.
You miss the quokka. The quokka closely misses you.
You hit the quokka.
You kill the quokka!
No target in view!
No target in view!
You see here a quokka corpse.
b - 3 scrolls labelled LUIBBI WOUFIRCH (gained 1) Terence the Incautious comes into view.
He is wielding a +0 morningstar.
You reach to attack!
The helpless Terence fails to defend himself.
You hit Terence but do no damage. You hit Terence but do no damage.
Terence hits you but does no damage.
You hit Terence but do no damage. Terence hits you with a +0 morningstar!
As you read the scroll labelled LUIBBI WOUFIRCH, it crumbles to dust.
It is a scroll of identify.
c - a scroll of vulnerability Terence misses you.
As you read the scroll of identify, it crumbles to dust.
d - a scroll of enchant weapon Terence hits you with a +0 morningstar.
Terence hits you with a +0 morningstar.
* * * LOW HITPOINT WARNING * * *
Found 3 gold pieces.
You see here a scroll labelled XAIRUE OKIN.
i - a scroll labelled XAIRUE OKIN Terence completely misses you.
As you read the scroll of identify, it crumbles to dust.
i - a scroll of enchant armour Terence closely misses you.
Okay, then.
Terence attacks as you move away! Terence closely misses you.
Terence attacks as you move away! Terence barely misses you.
Terence attacks as you move away! Terence hits you with a +0 morningstar.
* * * LOW HITPOINT WARNING * * *
Terence attacks as you move away! Terence hits you with a +0 morningstar!
You die...

.. #.... ##
...##.##† .#
......#. .#
..##.... $##
. #.#.. ..
#.... ##.#
###.# #..#
#.# #@#
#######.#
####@####
#.......#
#.......#
#.#######
#.##.##.#
##.## #
#....####...#
###.........#
##.####...#
...# #####
#####


You could see Terence.

Vanquished Creatures
  5 endoplasms (D:1)
  2 giant cockroaches
  A hobgoblin (D:1)
  A kobold (D:1)
  A quokka (D:2)
  3 bats
  A frilled lizard (D:1)
  5 goblins (D:1)
  A rat (D:1)
20 creatures vanquished.

Notes
Turn   | Place    | Note
-------+----------+-------------------------------------------
     0 | D:1      | concernfroge the Mummy Monk began the quest for the Orb.
     0 | D:1      | Reached XP level 1. HP: 18/18 MP: 1/1
   528 | D:1      | Reached XP level 2. HP: 22/24 MP: 2/2
   990 | D:1      | Found a faded altar of an unknown god.
  1233 | D:2      | Reached skill level 4 in Fighting
  1380 | D:2      | Noticed Terence
  1395 | D:2      | Mangled by Terence

Illustrated notes

Levels and vault maps discovered:
D:1:      minmay_arrival_split_and_join, layout_basic,
          chequers_ecumenical_altar_simple, st_stairs_13, nrook_loot_triangle
D:2:      layout_loops_cross, uniq_terence

Skill      XL: |  1  2 |
---------------+-------+-----
Fighting       | 4 |  4.1
Polearms       | |  2.4
Dodging        | |  2.4
Stealth        | |  1.5

Action                   || total
-------------------------++-------
Melee: Spear             ||    82
       Punch             ||     1
  Use: Scroll            ||     3
 Stab: Sleeping          ||     3
Armor: Ring mail         ||    18
       Robe              ||     3
Dodge: Dodged            ||    31
